Map: Terraform LE (Void)

Players

KiFirE

  • Race: Protoss Protoss
  • League: Master

AcerBly (Bly) - Winner!

  • Race: Zerg Zerg
  • League: Master

Event: ASL Season 5 Prime League LOTV Beta

VOD

Have the link to the VOD?

Description

Time

  • Played on: Sept. 4, 2015, 10:48 p.m.
  • Length: 9:46

All games in this series

Show
View Real Time Build Order
Export as new Build Order

KiFirE Protoss 

Build Orders:  

Get SALT Encoding   

  12  0:01  Probe (Chrono Boost)  
  13  0:11  Probe (Chrono Boost)  
  14  0:17  Pylon  
  14  0:21  Probe (Chrono Boost)  
  15  0:35  Probe (Chrono Boost)  
  15  0:36  Gateway  
  15  0:42  Assimilator  
  16  0:45  Probe (Chrono Boost)  
  17  0:55  Probe (Chrono Boost)  
  18  1:02  Gateway  
  18  1:06  Probe (Chrono Boost)  
  19  1:13  Pylon  
  19  1:16  Probe (Chrono Boost)  
  20  1:26  Cybernetics Core  
  20  1:28  Probe (Chrono Boost)  
  21  1:37  Zealot (Chrono Boost)  
  21  1:39  Probe (Chrono Boost)  
  24  1:48  Zealot (Chrono Boost)  
  24  1:51  Probe  
  27  1:55  Pylon  
  27  1:58  Warp Gate (Chrono Boost)  
  27  2:06  Adept (Chrono Boost)  
  29  2:17  Adept (Chrono Boost)  
  29  2:21  Assimilator  
  31  2:36  Mothership Core  
  30  2:45  Adept x2  
  34  2:57  Probe, Pylon  
  35  3:07  Gateway  
  35  3:11  Gateway  
  35  3:21  Probe  
  34  3:45  Probe  
  35  3:51  Stargate  
  35  3:54  Stalker  
  37  3:55  Nexus  
  37  4:01  Adept  
  39  4:05  Probe  
  40  4:12  Pylon  
  36  4:26  Adept x2  
  38  4:31  Pylon  
  38  4:37  Oracle  
  39  4:39  Probe  
  40  4:48  Adept  
  40  4:52  Adept  
  44  5:01  Adept  
  44  5:06  Probe  
  46  5:08  Probe  
  48  5:20  Probe  
  47  5:22  Void Ray  
  47  5:23  Probe  
  52  5:33  Probe  
  52  5:34  Probe  
  54  6:00  Probe  
  54  6:01  Probe  
  54  6:04  Assimilator  
  53  6:05  Void Ray, Assimilator  
  53  6:10  Probe  
  57  6:13  Probe  
  57  6:15  Adept x3  
  65  6:20  Probe  
  65  6:23  Pylon  
  58  6:26  Probe  
  51  6:49  Probe  
  51  6:51  Probe, Void Ray (Chrono Boost)  
  57  6:59  Stargate  
  57  7:00  Probe  
  53  7:05  Probe  
  55  7:09  Protoss Air Weapons Level 1  
  55  7:10  Probe  
  55  7:15  Nexus  
  56  7:17  Probe, Pylon  
  56  7:20  Probe  
  58  7:29  Probe, Pylon  
  59  7:30  Probe  
  59  7:32  Void Ray (Chrono Boost)  
  64  7:41  Probe  
  64  7:51  Probe  
  64  7:53  Probe  
  64  7:56  Robotics Facility  
  69  8:00  Stalker, Oracle (Chrono Boost)  
  69  8:01  Stalker x3, Probe  
  78  8:07  Pylon  
  78  8:09  Pylon  
  78  8:19  Forge  
  78  8:27  Fleet Beacon  
  78  8:29  Pylon  
  78  8:40  Void Ray (Chrono Boost)  
  82  8:45  Void Ray (Chrono Boost)  
  75  9:08  Robotics Facility  
  75  9:19  Probe  
Show
View Real Time Build Order
Export as new Build Order

AcerBly Zerg - Winner!

Build Orders: Hatch First 

Get SALT Encoding   

  12  0:01  Drone  
  13  0:11  Drone  
  14  0:17  Overlord  
  14  0:26  Drone, Extractor  
  15  0:36  Drone x2  
  17  0:54  Hatchery  
  16  0:58  Drone x2  
  18  1:04  Extractor  
  17  1:16  Spawning Pool  
  17  1:18  Drone  
  17  1:21  Drone  
  18  1:30  Drone  
  19  1:39  Overlord  
  19  2:04  Zergling x4  
  19  2:05  Metabolic Boost, Queen  
  19  2:06  Queen  
  19  2:08  Zergling x2  
  26  2:15  Zergling x2  
  27  2:18  Zergling x2  
  28  2:23  Zergling x2  
  29  2:31  Overlord  
  29  2:38  Zergling x2  
  30  2:44  Queen  
  30  2:47  Overlord  
  30  2:48  Drone  
  33  2:53  Drone x2  
  33  2:58  Queen  
  37  3:07  Drone x2  
  39  3:16  Drone x3  
  39  3:19  Zergling x4  
  43  3:31  Roach Warren  
  41  3:35  Zergling x8  
  44  3:43  Drone x2  
  44  3:47  Overlord  
  46  4:03  Overlord x2  
  46  4:06  Lair  
  46  4:10  Drone x3  
  45  4:26  Drone x4  
  45  4:27  Drone x3  
  45  4:29  Drone x2  
  49  4:42  Roach x2  
  49  4:44  Extractor  
  52  4:45  Extractor  
  52  4:46  Extractor  
  52  4:48  Drone x3  
  52  4:50  Roach x3  
  59  4:54  Overlord  
  63  5:07  Roach x2  
  63  5:22  Drone x4  
  63  5:23  Drone x2  
  63  5:25  Overlord  
  63  5:27  Roach x2  
  73  5:35  Hatchery  
  73  5:40  Glial Reconstitution  
  73  5:41  Overlord  
  72  5:48  Roach  
  72  5:49  Roach x2  
  75  5:55  Drone x4  
  67  6:01  Drone  
  67  6:08  Burrow  
  67  6:09  Drone x3  
  67  6:10  Drone  
  71  6:15  Overlord  
  71  6:18  Overlord  
  70  6:32  Roach x2  
  74  6:34  Overlord  
  70  6:50  Drone x3  
  70  6:51  Drone x4  
  73  7:04  Tunneling Claws  
  73  7:05  Roach x3  
  73  7:06  Roach x4  
  87  7:16  Drone x5  
  92  7:23  Overlord  
  92  7:25  Hydralisk Den  
  92  7:28  Drone x3  
  94  7:33  Overlord  
  94  7:47  Roach x2  
  88  8:02  Hydralisk x6, Muscular Augments  
  100  8:11  Drone x2, Extractor  
  100  8:12  Drone x4  
  105  8:13  Extractor  
  104  8:21  Roach x2  
  104  8:22  Roach  
  104  8:24  Roach x4  
  104  8:26  Roach x10  
  104  8:37  Hydralisk x7  
  104  8:39  Overseer  
  104  8:40  Overlord  
  118  8:46  Roach  
  118  8:47  Roach  
  118  8:53  Roach x7  
  116  9:00  Roach x7  
  116  9:01  Hydralisk x4  
  116  9:02  Hydralisk x2  
  128  9:04  Drone x3  
  128  9:05  Drone x2  
  128  9:06  Drone  
  128  9:08  Roach x6  
  132  9:22  Roach x3  
Tags
 
Add a new tag
Caveats
  • Supply blocks, unpowered buildings, or Contaminate may cause inaccurate times.
  • Supply counts are checked every 10 seconds.